 Dungeon Crawl Stone Soup version 0.21-a0-264-g3e31e41 (webtiles) character file.

43 Manul the Sneak (level 3, -2/40 HPs)
             Began as a Demonspawn Assassin on Sept 9, 2017.
             Was an Initiate of Gozag.
             Killed from afar by an orc wizard (8 damage)
             ... with a magic dart
             ... on level 3 of the Dungeon.
             The game lasted 00:01:23 (1684 turns).

Manul the Sneak (Demonspawn Assassin)               Turns: 1684, Time: 00:01:25

Health: -2/40      AC: 21    Str: 11    XL:     3   Next: 37%
Magic:  3/3        EV:  2    Int: 12    God:    Gozag
Gold:   58         SH:  0    Dex: 17    Spells: 2/2 levels left

rFire    . . .     SeeInvis .   a - +2 dagger
rCold    . . .     Gourm    .   (no shield)
rNeg     + + +     Faith    .   (armour currently unavailable)
rPois    +         Spirit   .   (helmet currently unavailable)
rElec    .         Reflect  .   (cloak currently unavailable)
rCorr    .         Harm     .   (gloves currently unavailable)
MR       .....     NoTele   +   (boots currently unavailable)
Stlth    +++.......             (no amulet)
HPRegen  0.13/turn              (no ring)
MPRegen  0.08/turn              (no ring)

@: tree-form, gold aura
A: thin skeletal structure 1
a: Potion Petition, Call Merchant, Bribe Branch, Renounce Religion


You were on level 3 of the Dungeon.
You worshipped Gozag.
Gozag was noncommittal.
You were not hungry.
You were a tree.
You visited 1 branch of the dungeon, and saw 3 of its levels.

You collected 93 gold pieces.
You paid 35 gold pieces to Gozag.

Inventory:

Hand Weapons
 a - a +2 dagger (weapon)
 b - a +0 blowgun
Missiles
 e - 21 poisoned needles
 f - 2 curare-tipped needles
Armour
 c - a +0 robe (melded)
 d - a +0 cloak (melded)
Wands
 j - a wand of acid (7/15)
Scrolls
 h - a scroll of recharging {unknown}
 i - 3 scrolls of remove curse {unknown}
 k - a scroll of identify {unknown}
 l - 2 scrolls of teleportation {unknown}
 p - 3 scrolls of enchant armour {unknown}
 q - a scroll of noise {unknown}
Potions
 n - a potion of might {unknown}
 r - a potion of haste
Comestibles
 g - 2 bread rations
 m - a chunk of flesh
 o - a royal jelly


   Skills:
 + Level 2.1 Fighting
 + Level 2.4 Short Blades
 + Level 1.9 Throwing
 + Level 1.2 Dodging
 + Level 4.2 Stealth


You had 2 spell levels left.
You didn't know any spells.

Dungeon Overview and Level Annotations

Branches:
Dungeon (3/15)

Altars:
Gozag
Zin


Innate Abilities, Weirdness & Mutations

You have a somewhat thin skeletal structure. (Dex +2, Stealth)


Message History

You are too injured to fight recklessly!
The orc shouts!
You hit the orc wizard.
The orc wizard is moderately wounded.
The orc wizard hits you with a dagger.
* * * LOW HITPOINT WARNING * * *
The orc wizard points at you and mumbles some strange words.
The puff of flame hits you!
* * * LOW HITPOINT WARNING * * *
It was a potion of lignification.
You turn into a tree.
Your +0 cloak melds into your body.
Your +0 robe melds into your body.
Your roots penetrate the ground.
The orc wizard hits you but does no damage.
You hit the orc wizard but do no damage.
The orc wizard is moderately wounded.
The orc is no longer distracted by gold.
The orc wizard casts a spell at you. The magic dart hits you!
You die...
Your body crumbles into a pile of gold.

#.... #...# #.... #...#
#....####### ####..>##
##?..../....# #.......#
............# #.......###
............# ##.....<...#
.........#### #..........#
##.#...#.#######..........#
#...#.ooo♣.............#
#.###########....###.### #.
####.#.....# # #.#.#.###
#.#.._..# #.###.#.#
#.#.....# #.###.### #.....#


You could see an orc wizard and 2 orcs.

Vanquished Creatures
  An ooze (D:2)
  A dart slug (D:2)
  A leopard gecko (D:2)
  An orc (D:3)
  A giant cockroach (D:2)
  3 goblins
  5 hobgoblins
  4 jackals
  4 kobolds
  5 bats
  3 frilled lizards
  4 rats
33 creatures vanquished.

Notes
Turn   | Place    | Note
-------+----------+-------------------------------------------
     0 | D:1      | Manul the Demonspawn Assassin began the quest for the Orb.
     0 | D:1      | Reached XP level 1. HP: 16/16 MP: 1/1
   318 | D:1      | Reached skill level 1 in Dodging
   321 | D:1      | Gained mutation: You have a somewhat thin skeletal structure. (Dex +2, Stealth) [demonic ancestry]
   321 | D:1      | Reached XP level 2. HP: 20/22 MP: 2/2
   440 | D:1      | Reached skill level 4 in Stealth
  1046 | D:2      | Reached XP level 3. HP: 13/27 MP: 3/3
  1302 | D:2      | Found a glowing silver altar of Zin.
  1543 | D:2      | Found a faded altar of an unknown god.
  1570 | D:3      | Found an opulent altar of Gozag.
  1624 | D:3      | Became a worshipper of Gozag Ym Sagoz the Greedy
  1684 | D:3      | Killed from afar by an orc wizard

Vault maps used:
D:1:      eino_arrival_water_star, minmay_misc_feat_chi
D:2:      lemuel_round_altar, chequers_ecumenical_altar_twisty
D:3:      nicolae_gozag_cash_rules_everything_around_me

Skill      XL: |  1  2 |
---------------+-------+-----
Dodging        | 1 |  1.2
Stealth        | 4 |  4.2
Short Blades   | 2 |  2.4
Fighting       | |  2.1
Throwing       | |  1.9

Action                   || total
-------------------------++-------
Melee: Dagger            ||   116
  Use: Potion            ||     1
 Stab: Sleeping          ||     5
  Eat: Chunk             ||     2
Armor: Robe              ||    28
       Skin              ||     1
Dodge: Dodged            ||    78

Table legend:
 A = Spawn XP
 B = Non-spawn XP
 C = Spawn XP percentage of total XP
 D = Spawn monster count
 E = Non-spawn monster count
 F = Spawn count percentage of total count
 G = Total turns spent on level
                    A         B        C        D         E        F      G
               +---------+---------+-------+---------+---------+-------+---------
         Total |       0 |      62 |   0.0 |       0 |      33 |   0.0 |  1684
               +---------+---------+-------+---------+---------+-------+---------
           D:1 |       0 |      19 |   0.0 |       0 |      12 |   0.0 |   662
           D:2 |       0 |      40 |   0.0 |       0 |      20 |   0.0 |   908
           D:3 |       0 |       3 |   0.0 |       0 |       1 |   0.0 |   114
               +---------+---------+-------+---------+---------+-------+---------
